 Dungeon Crawl Stone Soup version 0.28.0-61-g67df4f89a8 (webtiles) character file.

Game seed: 6204560725448366659

62 NotaViper the Ducker (level 4, -4/38 HPs)
             Began as a Gnoll Gladiator on Feb 13, 2023.
             Was a Believer of Jiyva.
             Killed from afar by an orc wizard (9 damage)
             ... with a puff of flame
             ... on level 3 of the Dungeon.
             The game lasted 00:07:44 (1440 turns).

NotaViper the Ducker (Gnoll Gladiator)              Turns: 1440, Time: 00:07:45

Health: -4/38      AC:  4    Str: 16    XL:     4   Next: 8%
Magic:  5/5        EV: 14    Int:  7    God:    Jiyva [**....]
Gold:   72         SH:  0    Dex: 13    Spells: 5/5 levels left

rFire   . . .      SeeInvis .   e - +0 spear (vorpal)
rCold   . . .      Faith    .   (no shield)
rNeg    . . .      Spirit   .   b - +0 leather armour
rPois   .          Reflect  .   c - +0 helmet
rElec   .          Harm     .   (no cloak)
rCorr   +          Rampage  .   (no gloves)
Will    .....                   (no boots)
Stlth   +.........              (no amulet)
HPRegen 1.08/turn               (no ring)
MPRegen 0.39/turn               (no ring)

@: confused
A: fangs 1, strong nose, distributed training
a: Renounce Religion


You were on level 3 of the Dungeon.
You worshipped Jiyva.
Jiyva was pleased with you.
You visited 1 branch of the dungeon, and saw 3 of its levels.

You collected 72 gold pieces.

Inventory:

Hand Weapons
 a - a +0 long sword
 e - a +0 vorpal spear (weapon)
 h - a +0 rapier
 o - a +0 short sword
Missiles
 d - 3 throwing nets (quivered)
 f - 30 stones
 l - 19 bolts
 n - 21 arrows
Armour
 b - a +0 leather armour (worn)
 c - a +0 helmet (worn)
Jewellery
 m - a ring of wizardry
Scrolls
 g - 2 scrolls of teleportation {unknown}
 i - a scroll of enchant armour {unknown}
 j - a scroll of identify {unknown}
 p - a scroll of noise {unknown}
Potions
 k - a potion of might {unknown}


   Skills:
 + Level 4.6 Fighting
 + Level 1.0 Short Blades
 + Level 6.5 Long Blades
 + Level 1.0 Axes
 + Level 1.0 Maces & Flails
 + Level 1.0 Polearms
 + Level 1.0 Staves
 + Level 1.0 Slings
 + Level 1.0 Bows
 + Level 1.0 Crossbows
 + Level 4.6 Throwing
 + Level 1.0 Armour
 + Level 6.5 Dodging
 + Level 1.0 Stealth
 + Level 1.0 Shields
 + Level 1.0 Unarmed Combat
 + Level 1.0 Spellcasting
 + Level 0.7 Conjurations
 + Level 0.7 Hexes
 + Level 0.7 Summonings
 + Level 0.7 Necromancy
 + Level 0.7 Translocations
 + Level 0.7 Transmutations
 + Level 0.7 Fire Magic
 + Level 0.7 Ice Magic
 + Level 0.7 Air Magic
 + Level 0.7 Earth Magic
 + Level 0.7 Poison Magic
 + Level 1.1 Invocations
 + Level 1.0 Evocations


You had 5 spell levels left.
You didn't know any spells.
Your spell library was empty.

Dungeon Overview and Level Annotations

Branches:
Dungeon (3/15)

Altars:
Jiyva


Innate Abilities, Weirdness & Mutations

You have very sharp teeth.
Your uncanny sense of smell can sniff out nearby items.
Your experience applies equally to all skills.


Message History

The orc wizard is almost dead.
The orc wizard hits you with a +0 dagger.
* * * LOW HITPOINT WARNING * * *
The orc completely misses you.
You closely miss the orc wizard.
The orc wizard is almost dead.
The orc wizard misses you. The orc closely misses you.
You barely miss the orc wizard. Your bite misses the orc wizard.
The orc wizard is almost dead.
The orc wizard points at you and mumbles some strange words.
The magic dart hits you.
* * * LOW HITPOINT WARNING * * *
The orc hits you with a +0 whip.
* * * LOW HITPOINT WARNING * * *
You closely miss the orc wizard.
The orc wizard is almost dead.
The orc wizard hits you but does no damage.
The orc barely misses you.
You barely miss the orc wizard.
The orc wizard is almost dead.
The orc wizard casts a spell at you.
You are confused.
The orc barely misses you.
You hit the orc wizard but do no damage.
The orc wizard is almost dead.
The orc wizard hits you with a +0 dagger.
* * * LOW HITPOINT WARNING * * *
The orc hits you with a +0 whip.
* * * LOW HITPOINT WARNING * * *
You barely miss the orc wizard.
The orc wizard is almost dead.
The orc wizard barely misses you. The orc hits you but does no damage.
The orc wizard hits you but does no damage.
You're too confused to move!
The orc hits you with a +0 whip.
* * * LOW HITPOINT WARNING * * *
The orc wizard barely misses you. The orc closely misses you.
The orc wizard casts a spell at you. The puff of flame hits you!
You die...

#. #. #.#####
.....## $....
#.#.#######
#.#.......# #
#o.@# #.#.#o#
#####.#†#.#####
...............
#####.#<#.#####
#.#.#.# . #.#.#
## #.#!. #.#


You could see an orc wizard and an orc.

Vanquished Creatures
  An orc priest (D:3)
  An adder (D:2)
  An orc (D:3)
  A ball python (D:1)
  3 bats
  A goblin (D:2)
  5 hobgoblins
  2 jackals (D:2)
  2 kobolds (D:2)
  A quokka (D:1)
  2 frilled lizards
  6 rats
26 creatures vanquished.

Vanquished Creatures (others)
  Terence (D:2)
  Jessica (D:2)
  A dart slug (D:1)
  An endoplasm (D:2)
  An orc (D:2)
  A giant cockroach (D:1)
  A goblin (D:2)
  A bat (D:2)
  2 kobolds
  A rat (D:2)
  A plant (D:2)
12 creatures vanquished.

Grand Total: 38 creatures vanquished

Notes
Turn   | Place    | Note
-------+----------+-------------------------------------------
     0 | D:1      | NotaViper the Gnoll Gladiator began the quest for the Orb.
     0 | D:1      | Reached XP level 1. HP: 20/20 MP: 1/1
   200 | D:1      | Found a faded altar of an unknown god.
   232 | D:1      | Prayed at the altar of an unknown god.
   232 | D:1      | Became a worshipper of Jiyva Joli the Shapeless
   232 | D:1      | Reached * piety under Jiyva
   322 | D:1      | Reached XP level 2. HP: 24/26 MP: 2/2
   838 | D:2      | Killed Jessica
   849 | D:2      | Reached ** piety under Jiyva
   928 | D:2      | Killed Terence
  1002 | D:2      | Reached XP level 3. HP: 30/31 MP: 3/3
  1414 | D:3      | Reached skill level 1 in Short Blades
  1414 | D:3      | Reached skill level 1 in Axes
  1414 | D:3      | Reached skill level 1 in Maces & Flails
  1414 | D:3      | Reached skill level 1 in Polearms
  1414 | D:3      | Reached skill level 1 in Staves
  1414 | D:3      | Reached skill level 1 in Slings
  1414 | D:3      | Reached skill level 1 in Bows
  1414 | D:3      | Reached skill level 1 in Crossbows
  1414 | D:3      | Reached skill level 1 in Armour
  1414 | D:3      | Reached skill level 1 in Stealth
  1414 | D:3      | Reached skill level 1 in Shields
  1414 | D:3      | Reached skill level 1 in Unarmed Combat
  1414 | D:3      | Reached skill level 1 in Spellcasting
  1414 | D:3      | Reached skill level 1 in Invocations
  1414 | D:3      | Reached skill level 1 in Evocations
  1414 | D:3      | Reached XP level 4. HP: 38/38 MP: 3/5
  1440 | D:3      | Killed from afar by an orc wizard

Illustrated notes

Levels and vault maps discovered:
D:1:      amcnicky_arrival_choice, layout_basic,
          hellmonk_ecumenical_altar_zigzags, glass_columns_a
D:2:      layout_basic, corexii_shack, chequers_serial_rivers_small_3,
          uniq_terence, uniq_jessica
D:3:      layout_basic, minmay_misc_feat_iff

Skill      XL: |  1  2  3 |
---------------+----------+-----
Short Blades   | 1 |  1.0
Axes           | 1 |  1.0
Maces & Flails | 1 |  1.0
Polearms       | 1 |  1.0
Staves         | 1 |  1.0
Slings         | 1 |  1.0
Bows           | 1 |  1.0
Crossbows      | 1 |  1.0
Armour         | 1 |  1.0
Stealth        | 1 |  1.0
Shields        | 1 |  1.0
Unarmed Combat | 1 |  1.0
Spellcasting   | 1 |  1.0
Invocations    | 1 |  1.1
Evocations     | 1 |  1.0
Fighting       | |  4.6
Long Blades    | |  6.5
Throwing       | |  4.6
Dodging        | |  6.5
Conjurations   | |  0.7
Hexes          | |  0.7
Summonings     | |  0.7
Necromancy     | |  0.7
Translocations | |  0.7
Transmutations | |  0.7
Fire Magic     | |  0.7
Ice Magic      | |  0.7
Air Magic      | |  0.7
Earth Magic    | |  0.7
Poison Magic   | |  0.7

Action                   |  1- 3 |  4- 6 || total
-------------------------+-------+-------++-------
Melee: Spear             |    96 |    24 ||   120
       Bite              |     2 |     4 ||     6
       Punch             |     1 |       ||     1
 Stab: Sleeping          |     1 |       ||     1
Armor: Leather armour    |    59 |     6 ||    65
Dodge: Dodged            |   144 |    26 ||   170
